 Dungeon Crawl Stone Soup version 0.26.1-2-gb8aa6d0cf2 (webtiles) character file.

Game seed: 5050602545274536789

2167 hawla the Destroyer (level 9, -13/14 (47) HPs)
             Began as a Deep Elf Conjurer on Feb 14, 2021.
             Was an Initiate of Ashenzari.
             Killed from afar by an electric eel (15 damage)
             ... with a bolt of electricity
             ... on level 7 of the Dungeon.
             The game lasted 00:25:14 (9465 turns).

hawla the Destroyer (Deep Elf Conjurer)             Turns: 9465, Time: 00:25:14

HP:   -13/14 (47)   AC:  5    Str:  4    XL:     9   Next: 10%
MP:   12/21         EV: 14    Int: 27    God:    Ashenzari [......]
Gold: 421           SH:  9    Dex: 13    Spells: 14/21 levels left

rFire    + . .     SeeInvis .   k - +0 whip
rCold    . . .     Faith    .   s - +0 buckler
rNeg     . . .     Spirit   .   q - +2 robe {rF+}
rPois    .         Reflect  +   (no helmet)
rElec    .         Harm     .   (no cloak)
rCorr    .         Rampage  .   g - +0 pair of gloves
Will     .....                  (no boots)
Stlth    ++........             d - amulet of reflection
HPRegen  0.04/turn              i - ring of flight
MPRegen  0.17/turn              (no ring)

@: extremely drained
A: no striking features
a: Renounce Religion, Evoke Flight, Curse Item


You were on level 7 of the Dungeon.
You worshipped Ashenzari.
Ashenzari was noncommittal.
You visited 1 branch of the dungeon, and saw 7 of its levels.

You collected 421 gold pieces.

Inventory:

Hand Weapons
 k - a +0 whip (weapon)
Missiles
 p - 2 throwing nets
 u - 4 boomerangs
Armour
 g - a +0 pair of gloves (worn)
 q - a +2 robe of fire resistance (worn)
 s - a +0 buckler (worn)
Jewellery
 d - an amulet of reflection (around neck)
 i - a ring of flight (left hand)
 y - an uncursed ring of flight
Wands
 l - a wand of flame (20)
 x - a wand of iceblast (10)
Scrolls
 a - a scroll of magic mapping
 c - a scroll of fog
 j - 4 scrolls of fear
 n - 4 scrolls of teleportation
 o - 2 scrolls of remove curse
 w - 2 scrolls of identify
Potions
 b - 4 potions of flight
 e - a potion of heal wounds
 f - a potion of degeneration {unknown}
 h - 2 potions of curing
 r - a potion of invisibility {unknown}
 t - 2 potions of brilliance {unknown}
 v - a potion of might {unknown}
 z - a potion of mutation {unknown}


   Skills:
 - Level 1.0 Fighting
 - Level 5.0 Dodging
 - Level 3.0 Stealth
 + Level 2.9 Shields
 + Level 6.8 Spellcasting
 * Level 8.3 Conjurations
 - Level 3.0 Translocations
 * Level 6.7 Fire Magic


You had 14 spell levels left.
You knew the following spells:

 Your Spells              Type           Power        Failure   Level
a - Magic Dart            Conj           100%         1%          1
b - Searing Ray           Conj           100%         1%          2
c - Iskenderun's Mystic   Conj/Tloc      40%          6%          4

Your spell library contained the following spells:

 Spells                   Type           Power        Failure   Level
 Dazzling Flash           Conj/Hex       62%          3%          3
 Fulminant Prism          Conj/Hex       15%          12%         4


Dungeon Overview and Level Annotations

Branches:
Dungeon (7/15)
 Temple: D:4-7

Altars:
Ashenzari
Cheibriados
Dithmenos
Elyvilon
Kikubaaqudgha
Makhleb
Nemelex Xobeh
Qazlal
Trog
Uskayaw
Wu Jian
Zin
The Shining One

Annotations:
D:5 1 runed translucent door, SmokeWeed's ghost, novice DrAr


Message History

The phantom hits you.
* * * LOW HITPOINT WARNING * * *
Casting: Searing Ray (safe; 1% risk of failure)
Confirm with . or Enter, or press ? or * to list all spells.
The spell is potentially lethal to cast (6% risk of failure)!
Continue anyway?
You erupt in a blast of force!
The mystic blast hits the phantom!
The phantom is almost destroyed.
The phantom is knocked back by the mystic blast.
Casting: Iskenderun's Mystic Blast (potentially lethal; 6% risk of failure)
Confirm with . or Enter, or press ? or * to list all spells.
Aiming: Searing Ray (safe; 1% risk of failure)
Press: ? - help, Shift-Dir - straight line, f/p - phantom
Aim: a phantom (almost destroyed, 24% to evade)
The searing ray hits the phantom!
You destroy the phantom! (Press . to maintain the ray.)
The electric eel shoots out a bolt of lightning at you!
The bolt of electricity hits you!
Ouch! That really hurt!
You die...

#...............#
................#
#...............#
.............#.##
##########...#.#
#...#.# #...#.#
#...#.########≈≈≈
#...#..@(.....;≈≈
#...#..####...≈≈≈
.>..#..# ..≈≈P
###.#..# ..≈≈
#..# .≈≈ #..# ≈≈
#..♣ P ...♣


You could see an electric eel.

Vanquished Creatures
  A water moccasin (D:5)
  An ice beast (D:6)
  A sky beast (D:5)
  A black bear (D:7)
  2 ogres
  A phantom (D:7)
  3 centaurs
  3 big kobolds (D:5)
  A scorpion (D:5)
  4 howler monkeys
  A quasit (D:6)
  4 hounds
  4 orc priests
  9 orc wizards
  2 iguanas (D:5)
  A worker ant (D:4)
  2 hound skeletons (D:4)
  9 gnolls
  8 adders
  A shadow imp (D:6)
  An ufetubus (D:5)
  3 oozes
  4 worms
  A dart slug (D:4)
  2 leopard geckos
  16 orcs
  9 bats
  4 giant cockroaches
  26 goblins
  27 hobgoblins
  11 jackals
  2 quokkas
  4 ball pythons
  13 frilled lizards
  9 kobolds
  6 rats
197 creatures vanquished.

Vanquished Creatures (others)
  19 plants (D:7)
19 creatures vanquished.

Grand Total: 216 creatures vanquished

Notes
Turn   | Place    | Note
-------+----------+-------------------------------------------
     0 | D:1      | hawla the Deep Elf Conjurer began the quest for the Orb.
     0 | D:1      | Reached XP level 1. HP: 10/10 MP: 6/6
    90 | D:1      | Reached XP level 2. HP: 15/15 MP: 1/8
   289 | D:1      | Learned a level 2 spell: Searing Ray
   624 | D:1      | Reached XP level 3. HP: 20/20 MP: 6/9
   668 | D:1      | Reached skill level 1 in Fire Magic
  1319 | D:2      | Found a shadowy altar of Dithmenos.
  1319 | D:2      | Found a stormy altar of Qazlal.
  1323 | D:2      | Found a glowing golden altar of the Shining One.
  1327 | D:2      | Found a white marble altar of Elyvilon.
  1330 | D:2      | Found a sparkling altar of Nemelex Xobeh.
  1333 | D:2      | Found a bloodstained altar of Trog.
  1335 | D:2      | Found an ornate altar of the Wu Jian Council.
  1416 | D:2      | Reached skill level 1 in Fighting
  1416 | D:2      | Reached XP level 4. HP: 25/25 MP: 8/11
  1421 | D:2      | Learned a level 4 spell: Iskenderun's Mystic Blast
  2200 | D:3      | Found a faded altar of an unknown god.
  2238 | D:3      | Reached skill level 5 in Conjurations
  2239 | D:3      | Reached XP level 5. HP: 24/29 MP: 4/13
  2701 | D:3      | Reached skill level 1 in Translocations
  3405 | D:4      | Reached XP level 6. HP: 34/34 MP: 3/14
  3770 | D:4      | Found a hide-covered altar of Uskayaw.
  4552 | D:5      | Entered Level 5 of the Dungeon
  4783 | D:5      | Noticed a sky beast
  4788 | D:5      | Killed a sky beast
  4789 | D:5      | Reached skill level 6 in Conjurations
  4789 | D:5      | Reached XP level 7. HP: 38/38 MP: 9/16
  4942 | D:5      | Found a runed translucent door.
  4949 | D:5      | Noticed SmokeWeed's ghost (novice DrAr)
  5262 | D:5      | Reached skill level 1 in Shields
  5262 | D:5      | Reached skill level 5 in Spellcasting
  5398 | D:5      | Found a sparkling altar of Nemelex Xobeh.
  6341 | D:5      | Reached XP level 8. HP: 41/43 MP: 6/18
  6383 | D:5      | Reached skill level 7 in Conjurations
  6383 | D:5      | Reached skill level 5 in Fire Magic
  6407 | D:5      | Reached skill level 5 in Dodging
  7489 | D:6      | Found a snail-covered altar of Cheibriados.
  7489 | D:6      | Noticed a torpor snail
  7491 | D:6      | Noticed a torpor snail
  7491 | D:6      | Noticed a torpor snail
  7700 | D:6      | Reached skill level 8 in Conjurations
  7890 | D:6      | Reached XP level 9. HP: 35/47 MP: 8/21
  7979 | D:6      | Found a glowing silver altar of Zin.
  7989 | D:6      | Found a burning altar of Makhleb.
  7990 | D:6      | Noticed an angel
  7991 | D:6      | Noticed a cacodemon
  8119 | D:6      | Found a broken altar of Ashenzari.
  8120 | D:6      | Found an ancient bone altar of Kikubaaqudgha.
  8129 | D:6      | Became a worshipper of Ashenzari the Shackled
  9465 | D:7      | Killed from afar by an electric eel

Illustrated notes

Levels and vault maps discovered:
D:1:      tarquinn_simple_flora_water_c, layout_rooms, minmay_lizard_pond
D:2:      layout_loops_corners, minitemple
D:3:      layout_loops_cross, chequers_ecumenical_altar_simple_redux
D:4:      layout_loops_cross, eat_drink_and_be_merry_uskayaw
D:5:      minmay_goblin_kobold_castle, layout_basic, basic_altar,
          ebering_ghost_inner_flame
D:6:      layout_basic, grunt_temple_overflow_order_and_chaos_2,
          gammafunk_temple_overflow_wave, cheibriados_altar_2
D:7:      layout_basic, minmay_temple_entry_mini_moons, serial_bayou,
          serial_bayou_pond_e, serial_bayou_shore_b, serial_bayou_ford_a,
          serial_bayou_lagoon_a, hangedman_ru_absence

Skill      XL: |  1  2  3  4  5  6  7  8 |
---------------+-------------------------+-----
Fire Magic     | 1 2 3 4 6 |  6.7
Stealth        | 3 |  3.0
Dodging        | 3 4 5 |  5.0
Fighting       | 1 |  1.0
Conjurations   | 5 6 8 |  8.3
Spellcasting   | 4 5 6 |  6.8
Translocations | 1 2 3 |  3.0
Shields        | 1 2 |  2.9

Action                   |  1- 3 |  4- 6 |  7- 9 || total
-------------------------+-------+-------+-------++-------
Melee: Unarmed           |    14 |     1 |       ||    15
       Whip              |       |    14 |    16 ||    30
 Cast: Magic Dart        |    48 |    30 |    47 ||   125
       Searing Ray       |    14 |    39 |    70 ||   123
       Iskenderun's Myst |       |     2 |     4 ||     6
 Abil: Evoke Flight      |       |       |     3 ||     3
       Stop Flying       |       |       |     1 ||     1
Evoke: Wand              |       |       |     3 ||     3
  Use: Scroll            |     3 |     8 |     2 ||    13
       Potion            |     3 |       |     4 ||     7
Armor: Robe              |     2 |     8 |    15 ||    25
       Skin              |       |       |    13 ||    13
Dodge: Dodged            |    14 |    25 |    60 ||    99
Block: Other             |       |     6 |    16 ||    22
       Reflection        |       |       |     1 ||     1
